 Dungeon Crawl Stone Soup version 0.32-a0-540-g866d13106e (webtiles) character file.

Game seed: 5940549461483837941

6805 BubbleThief the Fighter (level 11, -1/76 HPs)
             Began as a Gargoyle Earth Elementalist on Feb 29, 2024.
             Was a Believer of Vehumet.
             Slain by an orc warrior
             ... wielding a +0 glaive
              (16 damage)
             ... on level 9 of the Dungeon.
             The game lasted 00:15:32 (7659 turns).

BubbleThief the Fighter (GrEE)                      Turns: 7659, Time: 00:15:33

Health: -1/76      AC: 20    Str: 15    XL:     11   Next: 5%
Magic:  8/18       EV: 10    Int: 26    God:    Vehumet [**....]
Gold:   475        SH:  0    Dex: 10    Spells: 16/20 levels left

rFire   . . .        e - +12 demon whip of the Fool {freeze, rCorr Int+3}
rCold   . . .        (no shield)
rNeg    + + .        w - +2 ring mail {rPois}
rPois   ∞            D - +0 helmet
rElec   +            o - +1 cloak
rCorr   +            (no gloves)
SInv    .            (no boots)
Will    .....        (no amulet)
Stlth   +            m - +6 ring of intelligence
HPRegen 0.32/turn    r - ring of positive energy
MPRegen 0.16/turn

%: no passive effects
@: no status effects
A: sickness immunity, AC +8, negative energy resistance 1, electricity
resistance, torment resistance 1, petrification resistance
a: Renounce Religion


You were on level 9 of the Dungeon.
You worshipped Vehumet.
Vehumet was pleased with you.
You visited 1 branch of the dungeon, and saw 9 of its levels.

You collected 475 gold pieces.

Inventory:

Hand Weapons
 e - the +12 demon whip of the Fool (weapon) {freeze, rCorr Int+3}
   (You acquired it on level 8 of the Dungeon)

   Int+3:     It affects your intelligence (+3).
   rCorr:     It protects you from acid and corrosion.
Armour
 o - a +1 cloak (worn)
 u - a +0 robe of resistance
 w - a +2 ring mail of poison resistance (worn)
 D - a +0 helmet (worn)
Jewellery
 m - a +6 ring of intelligence (left hand)
 r - a ring of positive energy (right hand)
 t - a ring of protection from cold
Wands
 j - a wand of roots (2)
Scrolls
 a - a scroll of fog
 c - a scroll of blinking
 d - a scroll of enchant weapon {unknown}
 f - a scroll of butterflies
 h - a scroll of identify
 l - a scroll of teleportation
Potions
 b - 2 potions of magic
 g - 2 potions of haste
 i - 3 potions of ambrosia {unknown}
 k - 2 potions of heal wounds
 n - a potion of might
 q - 2 potions of enlightenment
 s - a potion of brilliance
 x - a potion of berserk rage {unknown}
 z - a potion of lignification {unknown}


   Skills:
 - Level 12.2 Fighting
 + Level 3.7 Maces & Flails
 - Level 7.5 Armour
 - Level 1.5 Dodging
 - Level 2.1 Stealth
 - Level 5.2 Spellcasting
 - Level 1.1 Conjurations
 - Level 9.6 Earth Magic


You had 16 spell levels left.
You knew the following spells:

 Your Spells              Type           Power      Damage    Failure   Level
a - Sandblast             Erth           100%       2d20      1%          1
b - Stone Arrow           Conj/Erth      68%        3d11      4%          3

Your spell library contained the following spells:

 Spells                   Type           Power      Damage    Failure   Level
 Mercury Vapours          Alch/Air       12%        N/A       21%         2
 Passwall                 Erth           54%        N/A       1%          3
 Brom's Barrelling Bould  Conj/Erth      34%        2d5       14%         4
 Petrify                  Alch/Erth      31%        N/A       19%         4


Dungeon Overview and Level Annotations

Branches:
Dungeon (9/15)             Temple (0/1) D:7
   Lair: D:8-11         Orc: D:9-12

Altars:
Cheibriados
Dithmenos
Okawaru
Vehumet


Innate Abilities, Weirdness & Mutations

You are immune to sickness and miasma.
Your stone body is resilient. (AC +8)
You are immune to poison.
You resist negative energy. (rN+)
You are resistant to electric shocks. (rElec)
You are resistant to unholy torment.
You are immune to petrification.


Message History

Casting: Stone Arrow (dangerous; 4% risk of failure)
Confirm with . or Enter, or press ? or * to list all spells.
Aiming: Stone Arrow (dangerous; 4% risk of failure)
Press: ? - help, Shift-Dir - straight line, f - wyvern
Aim: a wyvern (moderately wounded, 74% to hit)
The stone arrow hits the wyvern!
The wyvern is severely wounded.
The orc warrior hits you from afar with a +0 glaive!
* * * LOW HITPOINT WARNING * * *
The wyvern barely misses you.
Unknown command.
Casting: Stone Arrow (dangerous; 4% risk of failure)
Confirm with . or Enter, or press ? or * to list all spells.
Aiming: Stone Arrow (dangerous; 4% risk of failure)
Press: ? - help, Shift-Dir - straight line, f/p - wyvern
Aim: a wyvern (severely wounded, 74% to hit)
The stone arrow hits the wyvern!
You kill the wyvern!
Vehumet accepts your kill.
You feel your power returning.
The orc warrior hits you but does no damage.
Unknown command.
Casting: Stone Arrow (dangerous; 4% risk of failure)
Confirm with . or Enter, or press ? or * to list all spells.
Aiming: Stone Arrow (dangerous; 4% risk of failure)
Press: ? - help, Shift-Dir - straight line, f - orc warrior
Aim: an orc warrior, wielding a +0 glaive and wearing a +0 plate armour (74% to hit)
The stone arrow hits the orc warrior!!
The orc warrior is almost dead.
The orc warrior closely misses you.
Unknown command.
Casting: Stone Arrow (dangerous; 4% risk of failure)
Confirm with . or Enter, or press ? or * to list all spells.
Aiming: Stone Arrow (dangerous; 4% risk of failure)
Press: ? - help, Shift-Dir - straight line, f/p - orc warrior
Aim: an orc warrior, wielding a +0 glaive and wearing a +0 plate armour (almost dead, 74% to hit)
The stone arrow hits the orc warrior but does no damage.
The orc warrior is almost dead.
The orc warrior hits you from afar with a +0 glaive!
You die...

.....#..###..# #.#
.#.........#..# #.#
...........#..# #.# #.
........#..# #.##
#.####.....#..# #..#
#..........#..# ##.# .
#..##.........# #.#
....#..##.#...#...####.#
......)†@.#.#.#......#†#
......o####.#.....#..#.#
.)..... ......##.....#.#
....#.# ##..#..........#
... #. #..####.....##.#
.. ## ..# #...|.##.# . #
#.....##.# ##....##.#
#....##.#


You could see an orc warrior.

Vanquished Creatures
  Amaemon (D:8)
  Pikel (D:4)
  An orange demon (D:8)
  A vampire (D:6)
  Sigmund (D:4)
  A wyvern (D:9)
  Eustachio (D:4)
  3 yaks (D:9)
  A steam dragon (D:8)
  Grum (D:8)
  Menkaure (D:7)
  An ice beast (D:6)
  4 black bears (D:6)
  An orc warrior (D:6)
  A sky beast (D:8)
  An ogre (D:7)
  3 centaurs
  3 wolves (D:8)
  A lemure (D:4)
  A kobold brigand (D:8)
  5 phantoms
  3 bullfrogs
  A gnoll sergeant (D:5)
  5 scorpions
  9 wights
  6 killer bees (D:7)
  2 bombardier beetles
  3 howler monkeys
  5 hounds
  5 jellies
  5 orc priests
  8 orc wizards
  2 iguanas
  A sleepcap (D:6)
  14 gnolls
  10 adders
  2 river rats (D:3)
  A shadow imp (D:6)
  2 white imps
  2 ribbon worms (D:2)
  A dart slug (D:5)
  24 orcs
  3 endoplasms
  2 giant cockroaches
  3 goblins
  4 hobgoblins
  7 jackals
  3 quokkas
  7 ball pythons
  3 bats
  2 frilled lizards (D:2)
  7 kobolds
  8 rats
194 creatures vanquished.

Notes
Turn   | Place    | Note
-------+----------+-------------------------------------------
     0 | D:1      | BubbleThief the Gargoyle Earth Elementalist began the quest
                  | for the Orb.
     0 | D:1      | Reached XP level 1. HP: 10/10 MP: 3/3
   107 | D:1      | Reached XP level 2. HP: 15/15 MP: 1/5
   791 | D:2      | Reached XP level 3. HP: 19/19 MP: 4/6
   884 | D:2      | Reached skill level 5 in Earth Magic
   925 | D:2      | Reached XP level 4. HP: 19/24 MP: 1/8
  2232 | D:3      | Reached XP level 5. HP: 28/28 MP: 6/9
  2415 | D:3      | Found an iron altar of Okawaru.
  2590 | D:4      | Reached XP level 6. HP: 28/32 MP: 2/11
  2694 | D:4      | Noticed Pikel
  2704 | D:4      | Killed Pikel
  2705 | D:4      | Reached XP level 7. HP: 19/36 MP: 4/14
  3139 | D:4      | Reached skill level 5 in Spellcasting
  3141 | D:4      | Reached XP level 8. HP: 41/41 MP: 11/15
  3280 | D:4      | Noticed Sigmund
  3283 | D:4      | Killed Sigmund
  3284 | D:4      | Reached skill level 1 in Fighting
  3323 | D:4      | Noticed Eustachio
  3328 | D:4      | Killed Eustachio
  3329 | D:4      | Reached skill level 3 in Fighting
  3517 | D:5      | Entered Level 5 of the Dungeon
  3524 | D:5      | Reached skill level 4 in Fighting
  3625 | D:5      | Learned a level 3 spell: Stone Arrow
  3638 | D:5      | Reached skill level 5 in Fighting
  3819 | D:5      | Reached skill level 6 in Fighting
  3834 | D:5      | Reached XP level 9. HP: 53/56 MP: 7/16
  3901 | D:5      | Reached skill level 7 in Fighting
  4252 | D:5      | Found a shadowy altar of Dithmenos.
  4262 | D:5      | Found a snail-covered altar of Cheibriados.
  4484 | D:6      | Reached skill level 8 in Fighting
  4645 | D:6      | Found a radiant altar of Vehumet.
  4725 | D:6      | Became a worshipper of Vehumet
  4777 | D:6      | Reached skill level 9 in Fighting
  4927 | D:6      | Reached skill level 1 in Armour
  5282 | D:6      | Reached skill level 10 in Fighting
  5517 | D:7      | Noticed Menkaure
  5655 | D:7      | Reached XP level 10. HP: 68/68 MP: 14/17
  5657 | D:7      | Killed Menkaure
  5734 | D:7      | Reached * piety under Vehumet
  5734 | D:7      | Offered knowledge of Foxfire by Vehumet.
  5996 | D:7      | Found a staircase to the Ecumenical Temple.
  6158 | D:7      | Reached skill level 5 in Armour
  6237 | D:7      | Reached skill level 11 in Fighting
  6841 | D:8      | Noticed an orange demon
  6849 | D:8      | Killed an orange demon
  6851 | D:8      | Noticed Amaemon
  6857 | D:8      | Killed Amaemon
  6863 | D:8      | Offered knowledge of Mercury Vapours by Vehumet.
  6864 | D:8      | Reached skill level 12 in Fighting
  6875 | D:8      | Identified the +5 war axe of Symmetry {venom, rElec Str+4
                  | Stlth-}
  6924 | D:8      | Reached ** piety under Vehumet
  6946 | D:8      | Identified a scroll of acquirement
  6946 | D:8      | Acquired the +12 demon whip of the Fool {freeze, rCorr
                  | Int+3}
  7070 | D:8      | Identified the +8 long sword "Rateif Helodd" {venom, rElec
                  | rN+ Str+3 Dex+3}
  7081 | D:8      | Noticed Grum
  7098 | D:8      | Killed Grum
  7327 | D:8      | Reached skill level 1 in Maces & Flails
  7609 | D:9      | Reached XP level 11. HP: 73/76 MP: 16/18
  7659 | D:9      | Slain by an orc warrior

Illustrated notes

Levels and vault maps discovered:
D:1:      orjb1_clovarrival, layout_rooms, serial_bayou_pond_b,
          patterned_corridor
D:2:      layout_basic
D:3:      layout_basic, lemuel_round_altar, portal_sewer_entry_b
D:4:      layout_loops_cross, uniq_pikel, uniq_sigmund, uniq_eustachio
D:5:      layout_loops_cross, jmf_multi_god_temple2
D:6:      hangedman_cross_stitches, layout_loops_cross,
          mainiacjoe_overflow_alcove_4
D:7:      layout_loops_ring, minmay_temple_entry_gardened_gates,
          amethyst_killhole, kennysheep_generic_room_15, uniq_menkaure
D:8:      layout_loops_ring, uniq_grum, uniq_amaemon
D:9:      layout_rooms

Skill      XL: |  1  2  3  4  5  6  7  8  9 10 11 |
---------------+----------------------------------+-----
Earth Magic    | 4 5 6 8 9 |  9.6
Spellcasting   | 3 4 5 |  5.2
Fighting       | 6 10 12 | 12.2
Armour         | 3 7 |  7.5
Maces & Flails | 2 3 |  3.7
Dodging        | |  1.5
Stealth        | |  2.1
Conjurations   | |  1.1

Action                     |  1- 3 |  4- 6 |  7- 9 | 10-12 || total
---------------------------+-------+-------+-------+-------++-------
  Melee: Unarmed           |    20 |       |       |       ||    20
         Dagger            |    11 |     9 |     1 |       ||    21
         Demon whip        |       |       |       |    53 ||    53
   Cast: Sandblast         |    39 |    51 |   127 |    74 ||   291
         Stone Arrow       |       |       |     6 |     5 ||    11
    Use: Scroll            |       |       |       |    17 ||    17
 Armour: Robe              |    24 |    23 |    24 |       ||    71
         Leather armour    |       |       |     1 |       ||     1
         Ring mail         |       |       |    35 |    84 ||   119
  Dodge: Dodged            |    27 |    17 |    59 |    40 ||   143

Table legend: (Time is in decaauts)
 A = Elapsed time spent in this place.
 B = Non-inter-level travel time spent in this place.
 C = Inter-level travel time spent in this place.
 D = Time resting spent in this place.
 E = Time spent auto-exploring this place.
 F = Levels seen in this place.
 G = Mean time per level.
                   A        B        C        D        E       F      G
               +--------+--------+--------+--------+--------+-----+--------+
         Total |   7828 |   7466 |    362 |    413 |   5708 |   9 |  869.8 |
       Dungeon |   7828 |   7466 |    362 |    413 |   5708 |   9 |  869.8 |
               +--------+--------+--------+--------+--------+-----+--------+

Top non-repeatable levels by time:
     D:5: 1141 daAuts
     D:6: 1044 daAuts
     D:3: 1010 daAuts
     D:8: 993 daAuts
     D:2: 983 daAuts
     D:7: 968 daAuts
     D:4: 956 daAuts
     D:1: 643 daAuts
     D:9: 86 daAuts
